 Dungeon Crawl Stone Soup version 0.27.1-4-g1640c2035a (webtiles) character file.

Game seed: 7989232614767243792

240 CuBeRJAN3 the Magician (level 6, -2/46 HPs)
             Began as a Djinni Conjurer on Nov 2, 2021.
             Slain by an orc wizard (4 damage)
             ... on level 3 of the Dungeon.
             The game lasted 00:08:06 (4142 turns).

CuBeRJAN3 the Magician (Djinni Conjurer)            Turns: 4142, Time: 00:08:06

Health: -2/46      AC:  2    Str:  6    XL:     6   Next: 29%
Gold:   74         EV: 13    Int: 22    God:
                   SH:  0    Dex: 17

rFire    + + .     SeeInvis .   n - +2 dagger (flame)
rCold    x . .     Faith    .   (no shield)
rNeg     . . .     Spirit   .   a - +0 robe
rPois    ∞         Reflect  .   (no helmet)
rElec    .         Harm     .   (no cloak)
rCorr    .         Rampage  .   (no gloves)
Will     .....                  (boots unavailable)
Stlth    ++........             (no amulet)
HPRegen  0.15/turn              i - +6 ring of dexterity
MPRegen  0.00/turn              (no ring)

@: flying
A: sickness immunity, fire resistance 2, cold vulnerability 1, float, innate
caster, hp casting, extra vitality 1
a: no special abilities


You were on level 3 of the Dungeon.
You visited 1 branch of the dungeon, and saw 3 of its levels.

You collected 74 gold pieces.

Inventory:

Hand Weapons
 n - a +2 dagger of flaming (weapon)
Missiles
 p - a throwing net
Armour
 a - a +0 robe (worn)
Jewellery
 i - a +6 ring of dexterity (left hand)
Scrolls
 c - a scroll of immolation {unknown}
 f - a scroll of teleportation {unknown}
 g - a scroll of identify {unknown}
 h - a scroll of enchant armour {unknown}
 l - a scroll of fog
 m - a scroll of acquirement {unknown}
Potions
 b - a potion of heal wounds {unknown}
 d - a potion of haste {unknown}
 e - 4 potions of curing {unknown}
 j - a potion of attraction {unknown}
 k - a potion of ambrosia {unknown}
 o - a potion of cancellation {unknown}


   Skills:
 * Level 3.1 Fighting
 + Level 3.3 Dodging
 + Level 2.6 Stealth
 * Level 4.1 Spellcasting


You couldn't memorise any spells.
You knew the following spells:

 Your Spells              Type           Power      Damage    Failure   Level
a - Magic Dart            Conj           88%        1d7       1%          1
b - Searing Ray           Conj           44%        3d4       3%          2
c - Dazzling Flash        Conj/Hex       44%        N/A       6%          3
d - Fulminant Prism       Conj/Hex       11%        3d9       21%         4
e - Iskenderun's Mystic   Conj/Tloc      22%        2d6       21%         4
f - Apportation           Tloc           44%        N/A       1%          1
g - Passwall              Tmut/Erth      18%        N/A       3%          2
Your spell library was empty.

Dungeon Overview and Level Annotations

Branches:
Dungeon (3/15)

Altars:
Zin


Innate Abilities, Weirdness & Mutations

You are immune to sickness and miasma.
You are immune to poison.
Your flesh is very heat resistant. (rF++)
You are vulnerable to cold. (rC-)
You float through the air rather than walking.
You learn spells naturally, not from books.
Your magical power is your life essence.
You have superior vitality. (+4 HP)


Message History

The orc wizard gestures wildly while chanting.
The orc wizard flickers and vanishes!
Deactivating autopickup; reactivate with Ctrl-A.
You're too confused to move!
You feel less confused.
A magic dart appears from out of thin air!
The magic dart hits you.
You are confused.
You bump into the rock wall.
You bump into the rock wall.
Something hits you.
You feel less confused. Something hits you but does no damage.
Something hits you.
You hear some strange, mumbled words.
You are confused.
You bump into the rock wall.
You bump into the rock wall.
Something hits you.
You bump into the rock wall.
Something hits you.
You barely miss something. Something barely misses you.
You miss something.
You feel less confused.
You hear some strange, mumbled words.
A magic dart appears from out of thin air!
The magic dart hits you!
You closely miss something.
You hear some strange, mumbled words.
A magic dart appears from out of thin air!
The magic dart hits you.
* * * LOW HITPOINT WARNING * * *
You completely miss something. Something hits you.
* * * LOW HITPOINT WARNING * * *
You miss something. Something hits you.
* * * LOW HITPOINT WARNING * * *
You hit something. You burn something. Something hits you.
* * * LOW HITPOINT WARNING * * *
You hit something. You burn something. Something hits you.
* * * LOW HITPOINT WARNING * * *
You hit something but do no damage. Something hits you.
You die...

.##.# #.##.####
.##.# #..#..o.#
.##.#######
##.####.#
..........# #.# #.#
###.#####.# #.# #..
#.# #.# #.# ### #.#
#.# #.# # #.###
#.########## #.# #
#.#.###.......@{.#
#.# #
###..#.###########.#
#.# # ....###.#
###.#######.######
.###.#..#
#..............)..
.# #.#.#
#.################
.# #.#.# ##.## .#
#.#.#######...####
.#
##.#.##......>....#
.#
#....##.####...##.#


There were no monsters in sight!

Vanquished Creatures
  A scorpion (D:3)
  An orc wizard (D:2)
  5 adders
  3 gnolls (D:3)
  4 dart slugs (D:2)
  10 orcs
  2 ball pythons (D:3)
  2 bats
  4 endoplasms
  5 giant cockroaches
  7 goblins
  3 hobgoblins
  2 jackals (D:1)
  2 quokkas (D:1)
  A frilled lizard (D:1)
  2 kobolds
  5 rats
59 creatures vanquished.

Notes
Turn   | Place    | Note
-------+----------+-------------------------------------------
     0 | D:1      | CuBeRJAN3 the Djinni Conjurer began the quest for the Orb.
     0 | D:1      | Reached XP level 1. HP: 15/15 MP: 0/0
   189 | D:1      | Reached XP level 2. HP: 15/22 MP: 0/0
   404 | D:1      | Found a faded altar of an unknown god.
   469 | D:1      | Reached skill level 1 in Fighting
  1395 | D:2      | Reached XP level 3. HP: 21/27 MP: 0/0
  1395 | D:2      | Learned a level 1 spell: Apportation
  1800 | D:2      | Reached XP level 4. HP: 23/33 MP: 0/0
  2767 | D:3      | Noticed a scorpion
  2786 | D:3      | Reached XP level 5. HP: 32/38 MP: 0/0
  2786 | D:3      | Learned a level 2 spell: Passwall
  3627 | D:3      | Reached skill level 4 in Spellcasting
  3627 | D:3      | Reached XP level 6. HP: 13/46 MP: 0/0
  4011 | D:3      | Found a glowing silver altar of Zin.
  4141 | D:3      | HP: 2/46 [something (2)]
  4142 | D:3      | Slain by an orc wizard

Illustrated notes

Levels and vault maps discovered:
D:1:      roderic_chinese_lattice_arrival, layout_loops_cross,
          shapermc_ecumenical_altar_rom_forum, minmay_tetromino_i2
D:2:      layout_basic
D:3:      wad_river_or_something, layout_loops_ring, zin_scriptorium

Skill      XL: |  1  2  3  4  5 |
---------------+----------------+-----
Fighting       | 1 2 3 |  3.1
Stealth        | 2 |  2.6
Dodging        | 3 |  3.3
Spellcasting   | 4 |  4.1

Action                   |  1- 3 |  4- 6 || total
-------------------------+-------+-------++-------
Melee: Dagger            |     5 |     8 ||    13
 Cast: Magic Dart        |    41 |    44 ||    85
       Searing Ray       |     6 |    15 ||    21
       Iskenderun's Myst |       |     3 ||     3
  Use: Scroll            |       |     2 ||     2
Armor: Robe              |     2 |     3 ||     5
Dodge: Dodged            |     6 |    22 ||    28
